 Dungeon Crawl Stone Soup version 0.21-a0-264-g3e31e41 (webtiles) character file.

795 Blomdor the Chopper (level 7, -5/52 HPs)
             Began as a Barachi Wizard on Sept 9, 2017.
             Slain by an ogre
             ... wielding a +0 giant club
              (18 damage)
             ... on level 4 of the Dungeon.
             The game lasted 00:08:39 (4730 turns).

Blomdor the Chopper (Barachi Wizard)                Turns: 4730, Time: 00:08:40

Health: -5/52      AC:  3    Str: 11    XL:     7   Next: 89%
Magic:  9/11       EV: 12    Int: 18    God:
Gold:   125        SH:  0    Dex: 12    Spells: 5/12 levels left

rFire    . . .     SeeInvis .   i - +2 hand axe (drain)
rCold    . . .     Gourm    .   (no shield)
rNeg     . . .     Faith    .   a - +0 robe
rPois    .         Spirit   .   p - +0 helmet
rElec    .         Reflect  .   (no cloak)
rCorr    .         Harm     .   (no gloves)
MR       .....                  (no boots)
Stlth    ++........             h - amulet of regeneration
HPRegen  0.57/turn              (no ring)
MPRegen  0.12/turn              (no ring)

@: slow
A: +LOS, swims, thin skeletal structure 1, slowness 1, MP-powered wands, strong
legs 1
a: Hop


You were on level 4 of the Dungeon.
You were not hungry.

You visited 1 branch of the dungeon, and saw 5 of its levels.

You collected 255 gold pieces.
You spent 130 gold pieces at shops.

Inventory:

Hand Weapons
 i - a +2 hand axe of draining (weapon)
 j - a +0 mace of crushing
 m - a +1 dagger of venom
 t - a +0 whip of holy wrath
 u - a +1 battleaxe of electrocution
Missiles
 e - 6 curare-tipped needles
Armour
 a - a +0 robe (worn)
 f - a +0 chain mail
 p - a +0 helmet (worn)
 q - a +0 scale mail
Jewellery
 h - an amulet of regeneration (around neck)
Scrolls
 b - 2 scrolls of amnesia
 l - 7 scrolls of identify
 n - 4 scrolls of remove curse
 o - 2 scrolls of fog
 s - a scroll of teleportation
Potions
 g - 3 potions of curing
 x - a potion of invisibility
Books
 c - a book of Minor Magic

   Spells                             Type                      Level
   a - Magic Dart                     Conjuration                  1
   b - Blink                          Translocation                2
   c - Call Imp                       Summoning                    2
   d - Slow                           Hexes                        2
   e - Conjure Flame                  Conjuration/Fire             3
   f - Mephitic Cloud                 Conjuration/Poison/Air       3
Comestibles
 d - 3 bread rations
 k - 4 fruits
 r - a royal jelly
 v - 6 chunks of flesh


   Skills:
 + Level 3.1 Fighting
 * Level 7.5 Axes
 - Level 4.4 Armour
 - Level 2.1 Dodging
 - Level 1.7 Stealth
 - Level 3.2 Spellcasting
 - Level 1.1 Conjurations
   Level 1.2 Summonings
   Level 1.1 Translocations


You had 5 spell levels left.
You knew the following spells:

 Your Spells              Type           Power        Failure   Level  Hunger
a - Magic Dart            Conj           #...         10%         1    None
b - Mephitic Cloud        Conj/Pois/Air  #.......     38%         3    ###....
c - Conjure Flame         Conj/Fire      #.......     36%         3    ###....


Dungeon Overview and Level Annotations

Branches:
Dungeon (5/15)
 Temple: D:4-7

Altars:

Shops:
D:4 !


Innate Abilities, Weirdness & Mutations

Shadows flee at your approach. (+LOS)
You can swim through water.
You cover ground slowly.
You can hop short distances.
You have a somewhat thin skeletal structure. (Dex +2, Stealth)
You expend magic power (3 MP) to strengthen your wands.


Message History

You hit the ogre.
The ogre is moderately wounded.
The ogre seems less confused.
The ogre closely misses you.
You barely miss the ogre.
The ogre is moderately wounded.
The ogre hits you with a giant club!!
Ouch! That really hurt!
You hit the ogre. You drain the ogre!
The ogre is heavily wounded.
You completely miss the ogre.
The ogre is heavily wounded.
The ogre hits you with a giant club!
* * * LOW HITPOINT WARNING * * *
You hit the ogre.
The ogre is heavily wounded.
The ogre barely misses you.
You hit the ogre.
The ogre is severely wounded.
The ogre hits you with a giant club!!
You die...

## #.... #####. #.... ######
###..... ....##### #....#
#....... .......###...@# #.......
#......#.....O# #.......
#......#......# #.......
#......#......##### #.....##
#......#..........# #.......
#......###........# ###.####.#
######..........#....###......⌠.⌠
.>...a.........................∩.
..#######.####...........#....⌠.⌠


You could see an ogre.

Vanquished Creatures
  The ghost of derpindaisy the Shield-Bearer, an amateur MiFi (D:4)
  A howler monkey (D:5)
  5 orc wizards
  An orc priest (D:3)
  A jelly (D:3)
  2 iguanas (D:4)
  2 worker ants (D:5)
  Terence (D:2)
  A hound skeleton (D:4)
  Robin (D:2)
  4 gnolls
  4 adders
  4 oozes
  An adder skeleton (D:2)
  4 worms
  6 dart slugs
  6 leopard geckos
  25 orcs
  2 ball pythons (D:1)
  5 giant cockroaches
  6 hobgoblins
  4 jackals
  2 quokkas
  4 bats
  5 frilled lizards
  16 goblins
  5 kobolds
  8 rats
127 creatures vanquished.

Vanquished Creatures (others)
  2 orc wizards (D:4)
2 creatures vanquished.

Grand Total: 129 creatures vanquished

Notes
Turn   | Place    | Note
-------+----------+-------------------------------------------
     0 | D:1      | Blomdor the Barachi Wizard began the quest for the Orb.
     0 | D:1      | Reached XP level 1. HP: 13/13 MP: 4/4
    26 | D:1      | Reached skill level 1 in Fighting
   372 | D:1      | Reached XP level 2. HP: 11/22 MP: 6/6
  1334 | D:1      | Reached XP level 3. HP: 29/29 MP: 7/7
  1339 | D:1      | Learned a level 3 spell: Mephitic Cloud
  1343 | D:1      | Learned a level 3 spell: Conjure Flame
  1689 | D:2      | Reached skill level 1 in Axes
  1995 | D:2      | Reached skill level 2 in Axes
  2200 | D:2      | Noticed Terence
  2212 | D:2      | Gained mutation: You expend magic power (3 MP) to strengthen your wands. [potion of mutation]
  2212 | D:2      | Gained mutation: You have a somewhat thin skeletal structure. (Dex +2, Stealth) [potion of mutation]
  2288 | D:1      | Reached XP level 4. HP: 25/35 MP: 8/8
  2505 | D:2      | Reached skill level 3 in Axes
  2558 | D:2      | Noticed Robin
  2576 | D:2      | Killed Robin
  2703 | D:2      | Killed Terence
  2703 | D:2      | Reached skill level 4 in Axes
  2703 | D:2      | Reached XP level 5. HP: 40/41 MP: 3/9
  2800 | D:3      | Reached skill level 1 in Armour
  2864 | D:3      | Reached XP level 6. HP: 12/47 MP: 10/10
  3086 | D:3      | Reached skill level 5 in Axes
  4104 | D:4      | Found Pyitaf's Distillery.
  4140 | D:4      | Reached skill level 6 in Axes
  4148 | D:4      | Reached XP level 7. HP: 13/52 MP: 11/11
  4244 | D:4      | Bought a potion of might for 40 gold pieces
  4244 | D:4      | Bought a potion of degeneration for 10 gold pieces
  4244 | D:4      | Bought a potion of invisibility for 80 gold pieces
  4292 | D:4      | Noticed derpindaisy's ghost (amateur MiFi)
  4302 | D:4      | Killed derpindaisy's ghost
  4306 | D:4      | Reached skill level 7 in Axes
  4385 | D:5      | Entered Level 5 of the Dungeon
  4730 | D:4      | Slain by an ogre

Vault maps used:
D:1:      evilmike_arrival_plus
D:2:      minmay_tiny_reverse_x, uniq_terence, uniq_robin
D:3:      kennysheep_generic_room_5
D:4:      minmay_wonky_spiral, serial_shops, shop_fountains,
          minmay_misc_feat_nine_boxes
D:5:      first_bread, serial_shops, shop, minmay_misc_feat_chi

Skill      XL: |  1  2  3  4  5  6  7 |
---------------+----------------------+-----
Fighting       | 1 3 |  3.1
Axes           | 2 4 6 7 |  7.5
Armour         | 1 3 4 |  4.4
Dodging        | |  2.1
Stealth        | |  1.7
Spellcasting   | |  3.2
Conjurations   | |  1.1
Summonings     | |  1.2
Translocations | |  1.1

Action                   |  1- 3 |  4- 6 |  7- 9 || total
-------------------------+-------+-------+-------++-------
Melee: Unarmed           |    93 |       |       ||    93
       Short sword       |    29 |       |       ||    29
       Hand axe          |    60 |   179 |    77 ||   316
       Whip              |       |       |     8 ||     8
 Cast: Magic Dart        |    17 |     3 |       ||    20
       Mephitic Cloud    |       |     1 |     1 ||     2
 Abil: Hop               |     2 |       |     1 ||     3
  Use: Scroll            |     3 |     4 |     1 ||     8
       Potion            |     2 |     2 |     1 ||     5
 Stab: Sleeping          |     2 |     7 |       ||     9
  Eat: Chunk             |     3 |     7 |     2 ||    12
       Royal jelly       |     1 |       |       ||     1
Armor: Robe              |    30 |    19 |    12 ||    61
Dodge: Dodged            |   123 |    89 |    29 ||   241

Table legend:
 A = Spawn XP
 B = Non-spawn XP
 C = Spawn XP percentage of total XP
 D = Spawn monster count
 E = Non-spawn monster count
 F = Spawn count percentage of total count
 G = Total turns spent on level
                    A         B        C        D         E        F      G
               +---------+---------+-------+---------+---------+-------+---------
         Total |       0 |    1137 |   0.0 |       0 |     129 |   0.0 |  4730
               +---------+---------+-------+---------+---------+-------+---------
           D:1 |       0 |      59 |   0.0 |       0 |      28 |   0.0 |  1726
           D:2 |       0 |     180 |   0.0 |       0 |      38 |   0.0 |  1005
           D:3 |       0 |     215 |   0.0 |       0 |      28 |   0.0 |  1199
           D:4 |       0 |     480 |   0.0 |       0 |      22 |   0.0 |   546
           D:5 |       0 |     203 |   0.0 |       0 |      13 |   0.0 |   254
               +---------+---------+-------+---------+---------+-------+---------
